 Dungeon Crawl Stone Soup version 0.19.0-19-g8c6edcc (webtiles) character file.

15997 JeffiDaFish the Blocker (level 12, 0/76 HPs)
             Began as a Gargoyle Fighter on Nov 13, 2016.
             Was an Elder of Makhleb.
             Killed from afar by a wretched star (19 damage)
             ... with an orb of energy
             ... on level 1 of the Abyss on Nov 14, 2016.
             The game lasted 00:29:16 (9369 turns).

JeffiDaFish the Blocker (Gargoyle Fighter)          Turns: 9369, Time: 00:29:17

Health: 0/76       AC: 33    Str: 30    XL:     12   Next: 32%
Magic:  9/9        EV:  8    Int:  5    God:    Makhleb [****..]
Gold:   666        SH: 13    Dex:  7    Spells: 0 memorised, 11 levels left

rFire  + . .     SeeInvis .     C - +3 flail (protect)
rCold  . . .     Gourm    +     y - +3 plate armour {rF+}
rNeg   + . .     Faith    .     c - +0 shield
rPois  ∞         Spirit   .     n - +0 helmet
rElec  +         Reflect  .     m - +2 cloak
rCorr  .         Harm     .     u - +0 pair of gloves
MR     .....     Clarity  +     (no boots)
Stlth  ..........               e - amulet of the gourmand
                                r - +2 ring of strength
                                j - +5 ring of strength

@: protection aura
A: blurry vision 2, clarity, clumsy 2, deformed body, dopey 2, low mp 2,
negative energy resistance 1, electricity resistance, slow regeneration 2,
unbreathing, petrification resistance, no device heal 2, rot immunity, subdued
magic 2, AC +8
a: Minor Destruction, Lesser Servant of Makhleb, Major Destruction, Renounce
Religion


You were on level 1 of the Abyss.
You worshipped Makhleb.
Makhleb was greatly pleased with you.
You were very full.

You visited 2 branches of the dungeon, and saw 12 of its levels.
You visited the Abyss 1 time.

You collected 847 gold pieces.
You spent 181 gold pieces at shops.

Inventory:

Hand Weapons
 C - a +3 flail of protection (weapon)
Armour
 c - a +0 shield (worn)
 m - a +2 cloak (worn)
 n - a +0 helmet (worn)
 u - a +0 pair of gloves (worn)
 y - a +3 plate armour of fire resistance (worn)
Jewellery
 b - an uncursed amulet of magic regeneration
 e - an amulet of the gourmand (around neck)
 j - a +5 ring of strength (left hand)
 r - a +2 ring of strength (right hand)
Scrolls
 p - 2 scrolls of remove curse
 q - 2 scrolls of magic mapping
 v - a scroll of fear
 w - 2 scrolls of teleportation
 x - a scroll of identify
 B - a scroll of amnesia
Potions
 l - 3 potions of brilliance
 o - 3 potions of heal wounds
 s - a potion of ambrosia
 t - 3 potions of curing
Books
 a - a book of Cantrips

   Spells                             Type                      Level
   a - Confusing Touch                Hexes                        1
   b - Animate Skeleton               Necromancy                   1
   c - Summon Small Mammal            Summoning                    1
   d - Apportation                    Translocation                1
 h - a book of Callings

   Spells                             Type                      Level
   a - Summon Small Mammal            Summoning                    1
   b - Call Imp                       Summoning                    2
   c - Call Canine Familiar           Summoning                    3
   d - Summon Guardian Golem          Hexes/Summoning              3
   e - Summon Lightning Spire         Summoning/Air                4
   f - Summon Ice Beast               Ice/Summoning                4
 A - a book of Party Tricks

   Spells                             Type                      Level
   a - Summon Butterflies             Summoning                    1
   b - Apportation                    Translocation                1
   c - Lesser Beckoning               Translocation                3
   d - Tukima's Dance                 Hexes                        3
   e - Alistair's Intoxication        Transmutation/Poison         5
   f - Invisibility                   Hexes                        6
Comestibles
 d - 5 fruits
 f - 9 bread rations
 g - 4 beef jerkies
 i - 9 meat rations
 z - 3 slices of pizza


   Skills:
 + Level 9.0 Fighting
 + Level 12.1 Maces & Flails
 + Level 8.3 Armour
 + Level 2.5 Dodging
 + Level 1.4 Stealth
 + Level 12.5 Shields


You had 11 spell levels left.
You didn't know any spells.

Dungeon Overview and Level Annotations

Branches:
Dungeon (11/15)            Temple (1/1) D:4            Lair (0/6) D:10
    Orc (0/2) D:9

Altars:
Elyvilon
Fedhas
Gozag
Hepliaklqana
Makhleb
Okawaru
Sif Muna
Trog
Xom
Yredelemnul
Zin

Shops:
D:10 *   D:11 [%[%

Portals:
Labyrinth: D:11

Annotations:
D:11 Sonja


Innate Abilities, Weirdness & Mutations

You are resistant to torment.
Your stone body is resilient. (AC +8)
You are immune to poison.
You resist negative energy. (rN+)
You are resistant to electric shocks. (rElec)
You can survive without breathing.
You are immune to petrification.
You are immune to rotting.
You possess an exceptional clarity of mind.
[Scrolls take you longer to read.]
[You are very clumsy. (Dex -4)]
[Armour fits poorly on your strangely shaped body.]
[You are very dopey. (Int -4)]
[Your magical capacity is very low. (-20% MP)]
[You do not regenerate when monsters are visible.]
[Potions and wands are poor at restoring your health.]
[Your spells are easier to cast, but less powerful.]


Message History

Your plate armour prevents you from hitting the wretched star.
The wretched star is almost destroyed.
You hit the wretched star but do no damage.
The wretched star is almost destroyed.
The wretched star pulses with an eldritch light!
Your body twists and deforms.
You feel clumsy. x2
Your plate armour prevents you from hitting the wretched star.
The wretched star is almost destroyed.
The wretched star pulses with an eldritch light!
Your system partially rejects artificial healing.
Your system mostly rejects artificial healing.
Your regeneration weakens near monsters.
Your regeneration stops near monsters.
You closely miss the wretched star.
The wretched star is almost destroyed.
You hit the wretched star but do no damage.
The wretched star is almost destroyed.
The wretched star glows turbulently.
The orb of energy hits you!
You die...

..##...##
.. .# # .#.
.##.##.. #
# ## .. .
.#.. #. ...
#.#*#..
#..## .## #
#.. .#...#.
.## . #. .
.#..### .##
. .. # #@.#
.# . # # .
.#*#..# .
#...##.#.#§
# #.
###.... ..
. . # .#..
#...#.. .
..#...
.#.#.. .#.
###.#.#
#.## ###.#
.#.### ####
.# . ..


You could see a wretched star.

Vanquished Creatures
  A tentacled starspawn (Abyss:1)
  Erica (D:8)
  2 hydras (D:11)
  An unseen horror (D:10)
  2 manticores
  The ghost of ninjaorigami the Archer, a novice HEHu (D:5)
  A hellwing (Abyss:1)
  An ancient zyme (Abyss:1)
  A troll (D:10)
  6 polar bears (D:11)
  A merfolk (D:9)
  A two-headed ogre (D:11)
  A hornet (D:11)
  Prince Ribbit (D:8)
  3 hippogriffs
  A yak (D:11)
  A ynoxinul (Abyss:1)
  3 hogs (D:11)
  Grum (D:11)
  2 water moccasins
  Duvessa (D:6)
  5 orc warriors
  4 phantoms
  5 black bears
  8 ice beasts
  2 ogres
  11 centaurs
  2 necrophages
  4 wolves
  A crocodile (D:7)
  Blork the orc (D:6)
  A big kobold (D:11)
  6 bullfrogs
  A water moccasin zombie (D:5)
  2 wyvern skeletons
  2 scorpions (D:9)
  Dowan (D:6)
  5 wights (D:8)
  5 howler monkeys
  6 electric eels (D:10)
  4 crimson imps
  A quasit (D:9)
  2 jellies
  A centaur zombie (D:6)
  4 orc priests
  A gnoll shaman (D:5)
  9 hounds
  A centaur skeleton (D:5)
  8 orc wizards
  3 worker ants
  A hound skeleton (D:10)
  A howler monkey zombie (D:9)
  3 gnolls (D:5)
  16 adders
  4 shadow imps
  3 oozes
  An adder zombie (D:8)
  An adder skeleton (D:4)
  3 worms
  3 dart slugs
  8 leopard geckos
  30 orcs
  5 giant cockroaches
  3 goblins
  5 hobgoblins
  7 jackals
  5 quokkas
  2 ball pythons
  3 bats (D:1)
  4 frilled lizards
  A jackal skeleton (D:4)
  11 kobolds
  A quokka skeleton (D:9)
  4 rats
  3 starspawn tentacles (Abyss:1)
267 creatures vanquished.

Vanquished Creatures (others)
  2 starspawn tentacles (Abyss:1)
2 creatures vanquished.

Grand Total: 269 creatures vanquished

Notes
Turn   | Place    | Note
-------+----------+-------------------------------------------
     0 | D:1      | JeffiDaFish the Gargoyle Fighter began the quest for the Orb.
     0 | D:1      | Reached XP level 1. HP: 14/14 MP: 1/1
   384 | D:1      | Reached XP level 2. HP: 19/19 MP: 2/2
  1020 | D:1      | Reached XP level 3. HP: 21/23 MP: 3/3
  1502 | D:2      | Reached XP level 4. HP: 29/29 MP: 4/4
  2681 | D:4      | Reached XP level 5. HP: 33/33 MP: 5/5
  2727 | D:4      | Found a staircase to the Ecumenical Temple.
  2743 | Temple   | Entered the Ecumenical Temple
  2767 | Temple   | Became a worshipper of Makhleb the Destroyer
  3270 | D:5      | Entered Level 5 of the Dungeon
  3299 | D:5      | Noticed a necrophage
  3306 | D:5      | Killed a necrophage
  3306 | D:5      | Reached skill level 1 in Dodging
  3306 | D:5      | Reached XP level 6. HP: 38/38 MP: 6/6
  3505 | D:5      | Noticed an ice beast
  3513 | D:5      | Killed an ice beast
  3513 | D:5      | Reached XP level 7. HP: 44/44 MP: 7/7
  3523 | D:5      | Noticed ninjaorigami's ghost (novice HEHu)
  3541 | D:5      | Killed ninjaorigami's ghost
  3541 | D:5      | Reached skill level 5 in Maces & Flails
  3541 | D:5      | Reached skill level 5 in Shields
  3543 | D:5      | Reached skill level 5 in Armour
  3556 | D:5      | Reached skill level 5 in Fighting
  3745 | D:5      | Reached XP level 8. HP: 45/49 MP: 8/8
  3826 | D:5      | Reached * piety under Makhleb
  4165 | D:6      | Noticed Blork the orc
  4184 | D:6      | Killed Blork the orc
  4233 | D:6      | Noticed Dowan
  4234 | D:6      | Noticed Duvessa
  4252 | D:6      | Killed Dowan
  4267 | D:6      | Killed Duvessa
  4583 | D:6      | Reached XP level 9. HP: 55/55 MP: 9/9
  5264 | D:7      | Found an opulent altar of Gozag.
  5271 | D:7      | Reached ** piety under Makhleb
  5303 | D:7      | Got a clouded granite ring
  5305 | D:7      | Identified the ring "Byinos" {*Tele *Drain rN+ MR+} (You found it on level 7 of the Dungeon)
  5529 | D:7      | Gained mutation: You possess an exceptional clarity of mind. [potion of beneficial mutation]
  5989 | D:8      | Noticed Prince Ribbit
  5991 | D:8      | Noticed a manticore
  6010 | D:8      | Killed a manticore
  6010 | D:8      | Reached skill level 1 in Stealth
  6010 | D:8      | HP: 2/56 [orc priest/divine providence (11)]
  6125 | D:8      | Reached XP level 10. HP: 61/61 MP: 10/10
  6147 | D:8      | Killed Prince Ribbit
  6445 | D:8      | Noticed Erica
  6454 | D:8      | Killed Erica
  6941 | D:9      | Reached *** piety under Makhleb
  7144 | D:9      | Reached skill level 10 in Maces & Flails
  7188 | D:9      | Found a staircase to the Orcish Mines.
  7639 | D:9      | Reached skill level 10 in Shields
  7769 | D:10     | Entered Level 10 of the Dungeon
  7935 | D:10     | Reached XP level 11. HP: 64/67 MP: 11/11
  8025 | D:10     | Found a staircase to the Lair.
  8427 | D:10     | Reached **** piety under Makhleb
  8482 | D:10     | Found Yczeury's General Store.
  8522 | D:10     | Killed an unseen horror
  8532 | D:10     | Bought a +2 cloak for 181 gold pieces
  8682 | D:11     | Noticed a seven-headed hydra
  8692 | D:11     | Killed a seven-headed hydra
  8808 | D:11     | Found Keker's Food Emporium.
  8865 | D:11     | Noticed Grum
  8866 | D:11     | Found Duus's Food Shoppe.
  8878 | D:11     | Killed Grum
  8885 | D:11     | Noticed an eight-headed hydra
  8901 | D:11     | Killed an eight-headed hydra
  8924 | D:11     | Found a labyrinth entrance.
  8947 | D:11     | Found Orunk's Armour Boutique.
  8952 | D:11     | Found a huge runed gate.
  8978 | D:11     | Found a huge runed gate.
  8979 | D:11     | Found a huge runed gate.
  8979 | D:11     | Noticed a manticore
  8980 | D:11     | Found a huge runed gate.
  9053 | D:11     | Killed a manticore
  9060 | D:11     | Reached XP level 12. HP: 52/75 MP: 12/12
  9069 | D:11     | Noticed Sonja
  9160 | D:11     | Found Peisuapral's Antique Armour Boutique.
  9232 | D:11     | Cast into level 1 of the Abyss (Sonja)
  9261 | Abyss:1  | Found a corrupted altar of Lugonu.
  9290 | Abyss:1  | Noticed a tentacled starspawn
  9312 | Abyss:1  | Killed a tentacled starspawn
  9342 | Abyss:1  | Noticed a wretched star
  9369 | Abyss:1  | Killed from afar by a wretched star

Skill      XL: |  1  2  3  4  5  6  7  8  9 10 11 12 |
---------------+-------------------------------------+-----
Shields        | 4 5 7 8 10 11 12 | 12.5
Maces & Flails | 3 4 5 7 8 10 11 12 | 12.1
Armour         | 4 5 6 7 8 |  8.3
Fighting       | 4 5 6 7 8 9 |  9.0
Dodging        | 1 2 |  2.5
Stealth        | 1 |  1.4

Action                   |  1- 3 |  4- 6 |  7- 9 | 10-12 || total
-------------------------+-------+-------+-------+-------++-------
Melee: Flail             |    91 |   144 |   384 |   712 ||  1331
  Use: Potion            |     5 |     3 |     5 |     6 ||    19
       Scroll            |     6 |     7 |     4 |    10 ||    27
 Stab: Invisible         |       |       |       |     1 ||     1
  Eat: Chunk             |    13 |     6 |    10 |    11 ||    40
Armor: Scale mail        |    40 |    46 |       |       ||    86
       Plate armour      |       |     6 |   397 |   589 ||   992
Dodge: Dodged            |    35 |    37 |   153 |   266 ||   491
Block: Shield            |    53 |    73 |   333 |   606 ||  1065
